 Dungeon Sprint DCSS version 0.19.1-1-g22dce08 (webtiles) character file.

1000000 godofchicken the Dwarven Arbalest (level 16, -17/180 HPs)
             Began as a Deep Dwarf Hunter on Jan 5, 2017.
             Was a Believer of Makhleb.
             Demolished by a meat berserker
             ... wielding a +9 battleaxe
              (64 damage)
             ... in the Dungeon (Sprint VIII: "Arena of Blood").
             The game lasted 00:00:55 (10 turns).

godofchicken the Dwarven Arbalest (Deep Dwarf Hunter) Turns: 10, Time: 00:00:56

Health: -17/180    AC:  4    Str: 22    XL:     16   Next: 28%
Magic:  16/16      EV: 27    Int: 13    God:    Makhleb [**....]
Gold:   0          SH:  0    Dex: 13    Spells: 0 memorised, 15 levels left

rFire  . . .     SeeInvis .     m - +∞ Axe of Woe
rCold  . . .     Gourm    .     c - +0 leather armour
rNeg   + . .     Faith    .     (shield currently unavailable)
rPois  .         Spirit   .     (no helmet)
rElec  .         Reflect  .     (no cloak)
rCorr  .         Harm     .     (no gloves)
MR     ++...     NoTele   +     (no boots)
Stlth  ++++......               (no amulet)
                                (no ring)
                                (no ring)

@: non-regenerating
A: damage resistance, recharge devices, negative energy resistance 1, sense
surroundings 2, slow regeneration 3
a: Device Recharging, Minor Destruction, Renounce Religion


You were in the Dungeon.
You worshipped Makhleb.
Makhleb was pleased with you.
You were not hungry.

You visited 1 branch

Inventory:

Hand Weapons
 a - a +1 hand crossbow
 b - a +0 short sword
 m - the +∞ Axe of Woe (weapon)
   (You found it in the Dungeon)
Missiles
 d - 20 bolts
Armour
 c - a +0 leather armour (worn)
Wands
 e - a wand of heal wounds (5/9)
Scrolls
 l - a scroll of blinking
Potions
 g - a potion of curing
 h - a potion of heal wounds
 i - a potion of haste
 j - 2 potions of magic
 k - a potion of berserk rage
Comestibles
 f - a bread ration


   Skills:
 + Level 20.4 Fighting
 + Level 24.1 Axes
 O Level 27 Crossbows
 + Level 9.6 Armour
 + Level 24.5 Dodging
 + Level 9.0 Stealth


You had 15 spell levels left.
You didn't know any spells.

Dungeon Overview and Level Annotations

Branches:
Dungeon (1/1)

Altars:
Makhleb


Innate Abilities, Weirdness & Mutations

You are resistant to damage.
You can recharge devices by infusing magical energy.
You resist negative energy. (rN+)
You passively map the area around you.
You do not regenerate.


Message History

Your Armour skill gained 2 levels and is now at level 9!
Your Dodging skill gained 2 levels and is now at level 23!
Your Stealth skill gained 2 levels and is now at level 8!
You slash the bag of meat!
You dissect the bag of meat like a pig carcass.
You kill the bag of meat!
Makhleb accepts your kill.
You feel better.
Your Fighting skill increases to level 20!
Your Axes skill gained 2 levels and is now at level 24!
Your Dodging skill increases to level 24!
Your Stealth skill increases to level 9!
You have reached level 16!
You feel stronger.
You hear a shout! x6
The meat berserker hits you with a +9 battleaxe!!
* * * LOW HITPOINT WARNING * * *
You hear a shout! x2
The meat berserker hits you with a +9 battleaxe!!!
You die...

, , ,* ,, , ,
.............. *
* , .............
,,, ,, ,
,............ ,,
, .......o... , ,
,.......... ,, ,
, , #.......# , ,
, .. ,#.)O....#,
,
...###)@O..O.###.
, ,
....o.oo###......
* ,
#...o...._......,
, , *
......#.....#.. ,
*, ,**
......#_.<._#,,,
,, , ,
,......#.....# ,
, * *
#........_o.....
,, ,
........###......
, ,...###..o
,..###. ,


You could see 3 meat berserkers and 6 bags of meat.

Vanquished Creatures
  3 ogres (D)
  3 orcs (D)
6 creatures vanquished.

Notes
Turn   | Place    | Note
-------+----------+-------------------------------------------
     0 | D        | godofchicken the Deep Dwarf Hunter began the quest for the Orb.
     0 | D        | Reached XP level 1. HP: 19/19 MP: 1/1
     2 | D        | Noticed a bag of meat
     3 | D        | Noticed a bag of meat
     4 | D        | Became a worshipper of Makhleb the Destroyer
     6 | D        | Noticed a bag of meat
     6 | D        | Noticed a bag of meat
     6 | D        | Noticed a meat berserker
     6 | D        | Noticed a meat berserker
     7 | D        | Noticed a bag of meat
     7 | D        | Noticed a bag of meat
     7 | D        | Noticed a bag of meat
     8 | D        | Noticed a bag of meat
     8 | D        | Noticed a meat berserker
     9 | D        | Noticed a meat berserker
     9 | D        | Noticed a meat berserker
     9 | D        | Noticed a bag of meat
     9 | D        | Killed a bag of meat
     9 | D        | Reached skill level 5 in Axes
     9 | D        | Reached skill level 25 in Crossbows
     9 | D        | Reached XP level 2. HP: 37/37 MP: 2/2
     9 | D        | Reached XP level 3. HP: 43/43 MP: 3/3
     9 | D        | Reached XP level 4. HP: 51/51 MP: 4/4
     9 | D        | Reached XP level 5. HP: 57/57 MP: 5/5
     9 | D        | Reached XP level 6. HP: 66/66 MP: 6/6
     9 | D        | Reached XP level 7. HP: 72/72 MP: 7/7
     9 | D        | Reached XP level 8. HP: 80/80 MP: 8/8
     9 | D        | Gained mutation: You passively map the area around you. [Deep Dwarf growth]
     9 | D        | Reached XP level 9. HP: 86/86 MP: 9/9
     9 | D        | Reached XP level 10. HP: 94/94 MP: 10/10
     9 | D        | Reached XP level 11. HP: 100/100 MP: 11/11
    10 | D        | Noticed a meat berserker
    10 | D        | Killed a meat berserker
    10 | D        | Reached * piety under Makhleb
    10 | D        | Reached skill level 27 in Crossbows
    10 | D        | Reached skill level 5 in Armour
    10 | D        | Reached XP level 12. HP: 12/126 MP: 12/12
    10 | D        | Reached XP level 13. HP: 13/133 MP: 13/13
    10 | D        | Killed a meat berserker
    10 | D        | Reached skill level 5 in Stealth
    10 | D        | Gained mutation: You resist negative energy. (rN+) [Deep Dwarf growth]
    10 | D        | Reached XP level 14. HP: 15/150 MP: 14/14
    10 | D        | Killed a bag of meat
    10 | D        | Reached XP level 15. HP: 16/160 MP: 15/15
    10 | D        | Killed a meat berserker
    10 | D        | Reached ** piety under Makhleb
    10 | D        | Reached XP level 16. HP: 66/180 MP: 16/16
    10 | D        | Demolished by a meat berserker

Skill      XL: |  1  2  3  4  5  6  7  8  9 10 11 12 13 14 15 |
---------------+----------------------------------------------+-----
Fighting       | 7 13 16 17 20 | 20.4
Axes           | 5 13 18 19 24 | 24.1
Crossbows      | 25 27 | 27.0
Dodging        | 9 16 20 21 24 | 24.5
Armour         | 5 7 9 |  9.6
Stealth        | 5 6 9 |  9.0

Action                   |  1- 3 |  4- 6 |  7- 9 | 10-12 | 13-15 | 16-18 || total
-------------------------+-------+-------+-------+-------+-------+-------++-------
Melee: Executioner's axe |     1 |       |       |     1 |       |       ||     2
